 Dungeon Crawl Stone Soup version 0.17-a0-989-gada8a91 (console) character file.

112 Monkaria the Skirmisher (level 4, -1/37 HPs)
             Began as a Demonspawn Chaos Knight on May 12, 2015.
             Killed from afar by trantor's ghost (9 damage)
             ... with a puff of flame
             ... on level 3 of the Dungeon.
             The game lasted 00:02:44 (1324 turns).

Monkaria the Skirmisher (Demonspawn Chaos Knight)   Turns: 1324, Time: 00:02:45

Health: -1/37      AC:  6    Str: 14    XL:     4   Next: 64%
Magic:  4/4        EV: 12    Int: 13    God:    Xom [..*...]
Gold:   157        SH:  0    Dex: 12    Spells: 0 memorised, 3 levels left

rFire  . . .     SeeInvis .     a - +0 falchion (chaos)
rCold  . . .     Clarity  .     b - +2 leather armour
rNeg   . . .     SustAb   .     (no shield)
rPois  .         Gourm    .     (no helmet)
rElec  .         Spirit   .     (no cloak)
rCorr  .         Warding  .     (no gloves)
rMut   .         Stasis   .     (no boots)
MR     .....                    (no amulet)
Stlth  +.........               (no ring)
                                (no ring)

@: very slightly contaminated, invisible, not resistant to hostile enchantments,
very unstealthy
A: molten scales 1
a: Renounce Religion


You were on level 3 of the Dungeon.
You worshipped Xom.
You were a toy of Xom.
You were hungry.

You visited 1 branch of the dungeon, and saw 4 of its levels.

You collected 157 gold pieces.

Inventory:

Hand weapons
 a - a +0 falchion of chaos (weapon)
Armour
 b - a +2 leather armour (worn)
Scrolls
 f - a scroll of identify
 h - a scroll of remove curse
Comestibles
 c - 3 bread rations
 g - a chunk of flesh
 j - 3 fruits


   Skills:
 - Level 4.0 Fighting
 - Level 3.0 Long Blades
 - Level 3.0 Armour
 + Level 1.9 Dodging


You had 3 spell levels left.
You didn't know any spells.

Dungeon Overview and Level Annotations

Branches:
Dungeon (4/15)
 Temple: D:4-7

Altars:
Kikubaaqudgha

Annotations:
D:3 trantor's ghost, average DEFE


Innate Abilities, Weirdness & Mutations

You are partially covered in molten scales (AC +1).


Message History

Trantor's ghost gestures at you while chanting.
The puff of flame hits you!
You die... "Hey, that's my toy!"
Xom revives you!
Unknown command.
Unknown command.
Read which item? (? for menu, Esc to quit)
As you read the scroll labeled TUM QIMETREIRGH, it crumbles to dust.
You assume a fearsome visage.
Trantor's ghost is unaffected.
It was a scroll of fear.
Xom smirks.
You detect nothing.
Trantor's ghost casts a spell at you. The puff of flame misses you.
Trantor's ghost lets out a mournful wail.
Trantor's ghost gestures at you while chanting.
The puff of flame hits you!
You die...
Xom cackles wildly!

#.......)...
#....####### ####
#####.#.## # #. ...
...#.#.# # .. ..#
##.#.#.# # #.# #.#
#....#.######## #.# #.#
#.............. #.#
#†####...#...#######
#.###..@...W............
#......#######.#.#######
#..##.## #.#.# #..##.#
#.#.# ########..##.##
#.#.# #...............#
#.#.# #.######..##.##.#
#.#.# ##)######..##...
#.#.# .#..)....#..#
.##.# #.#..


You could see trantor's ghost.

Vanquished Creatures
  An orc wizard (D:3)
  2 adders (D:2)
  An ooze (D:1)
  3 worms (D:2)
  2 orcs (D:3)
  8 bats
  4 giant cockroaches
  4 goblins
  7 hobgoblins
  7 jackals
  5 kobolds
  2 ball pythons
  2 giant newts
  8 rats
56 creatures vanquished.

Notes
Turn   | Place    | Note
--------------------------------------------------------------
     0 | D:1      | Monkaria the Demonspawn Chaos Knight began the quest for the Orb.
     0 | D:1      | Reached XP level 1. HP: 18/18 MP: 1/1
    72 | D:1      | Gained mutation: You are partially covered in molten scales (AC +1). [demonic ancestry]
    72 | D:1      | Reached XP level 2. HP: 18/24 MP: 2/2
   328 | D:1      | Reached XP level 3. HP: 30/30 MP: 3/3
   335 | D:1      | Reached skill level 4 in Fighting
   434 | D:1      | XOM: divination: detect creatures
   705 | D:2      | Found an ancient bone altar of Kikubaaqudgha.
   793 | D:2      | XOM: silly message
   914 | D:2      | Reached XP level 4. HP: 37/37 MP: 4/4
  1185 | D:3      | Reached skill level 1 in Dodging
  1211 | D:3      | XOM: confuse monster(s)
  1278 | D:3      | Noticed trantor's ghost (average DEFE)
  1285 | D:4      | Noticed an orc warrior
  1305 | D:3      | XOM: confuse monster(s)
  1310 | D:3      | XOM: divination: detect creatures
  1312 | D:3      | XOM: divination: detect items
  1312 | D:3      | Xom revived you
  1316 | D:3      | XOM: divination: detect items
  1324 | D:3      | Killed from afar by trantor's ghost

Vault maps used:
D:1:      shiori_arrival_oz, glass_columns_b
D:2:      kiku_gazebo_garden_becter
D:3:      lemuel_crystal_altar, first_bread
D:4:      nicolae_overflow_crystal_walls, uniq_robin

Action                   |  1- 3 |  4- 6 || total
-------------------------+-------+-------++-------
Melee: Falchion          |   105 |    68 ||   173
  Use: Scroll            |       |     2 ||     2
       Potion            |       |     2 ||     2
 Stab: Paralysed         |     2 |     3 ||     5
  Eat: Chunk             |       |     1 ||     1
